Map: Ruinas de Seras

Players

xXkazperXx - Winner!

  • Race: Zerg Zerg

RANURA DE IA (Fácil)

  • Race: Zerg Zerg

VOD

Have the link to the VOD?

Description

Time

  • Played on: Feb. 2, 2016, 8:38 p.m.
  • Length: 17:43
Show
View Real Time Build Order
Export as new Build Order

xXkazperXx Zerg - Winner!

Build Orders: Pool First 

Get SALT Encoding   

  12  0:43  Drone x2  
  12  0:48  Overlord  
  14  1:09  Drone x2  
  16  1:27  Spawning Pool  
  16  1:28  Drone x2  
  17  1:59  Extractor  
  16  2:02  Extractor  
  16  2:03  Drone x3  
  18  2:19  Queen  
  20  2:34  Zergling x4  
  22  2:52  Overlord  
  22  3:16  Zergling x2  
  22  3:17  Zergling x2  
  24  3:30  Zergling x4  
  24  3:33  Zergling x4  
  28  3:54  Lair  
  28  4:31  Zergling x4  
  28  4:32  Hatchery  
  28  4:33  Zergling x2, Overlord x2  
  30  5:00  Zergling x6  
  30  5:05  Queen  
  35  5:14  Metabolic Boost  
  35  5:18  Drone x2  
  37  5:32  Hydralisk Den  
  36  5:39  Roach Warren  
  36  5:41  Queen  
  37  5:53  Drone  
  38  5:58  Drone  
  39  6:04  Hydralisk x2  
  43  6:17  Drone  
  43  6:18  Drone  
  45  6:50  Drone x2  
  45  6:51  Drone x2  
  49  6:55  Drone x3  
  49  6:58  Overlord  
  49  6:59  Overlord x2  
  52  7:10  Hatchery  
  51  7:21  Hatchery  
  50  7:29  Drone  
  52  7:30  Drone x2  
  53  7:41  Queen  
  49  8:22  Roach x3  
  55  8:27  Drone  
  55  8:34  Roach x3  
  62  8:40  Drone  
  63  8:49  Overlord x2  
  63  8:56  Drone x3  
  66  9:11  Pneumatized Carapace  
  66  9:17  Drone x3  
  66  9:24  Hydralisk x3  
  75  9:33  Spire  
  75  9:37  Drone x3  
  75  9:38  Drone x3  
  80  9:55  Zergling x2  
  81  10:01  Hydralisk  
  81  10:02  Hydralisk x5  
  81  10:06  Drone  
  81  10:07  Drone x4  
  97  10:11  Extractor  
  97  10:14  Extractor  
  97  10:18  Drone x3  
  99  10:40  Drone x3  
  102  10:43  Infestation Pit  
  102  10:48  Drone x3  
  104  10:53  Extractor  
  104  10:54  Extractor  
  104  10:56  Overlord  
  102  10:58  Overlord x2  
  102  10:59  Overlord  
  102  11:03  Drone  
  104  11:04  Drone  
  104  11:31  Mutalisk  
  104  11:32  Mutalisk x3  
  112  11:36  Mutalisk x5  
  112  11:39  Mutalisk x5  
  128  11:43  Overlord x4  
  132  11:51  Drone x3  
  132  11:52  Drone  
  136  11:58  Hive  
  136  12:05  Glial Reconstitution  
  136  12:11  Muscular Augments  
  136  12:40  Hatchery  
  133  12:54  Hatchery  
  132  13:04  Drone  
  132  13:05  Drone x2  
  135  13:08  Hydralisk x2  
  135  13:09  Hydralisk  
  141  13:15  Greater Spire  
  141  13:17  Adrenal Glands  
  141  13:25  Neural Parasite  
  141  13:37  Extractor  
  141  13:39  Extractor  
  139  13:49  Drone x7  
  139  13:50  Drone  
  139  13:54  Drone  
  148  14:03  Drone x4  
  148  14:07  Drone  
  153  14:47  Lurker Den  
  153  14:48  Tunneling Claws  
  153  15:02  Burrow  
  153  15:05  Drone x3  
  153  15:06  Queen  
  156  16:13  Queen  
Show
View Real Time Build Order
Export as new Build Order

RANURA DE IA (Fácil) Zerg 

Build Orders: Pool First 

Get SALT Encoding   

  12  0:01  Drone  
  13  0:12  Overlord  
  13  0:17  Drone  
  14  0:30  Drone  
  14  0:35  Drone  
  16  0:45  Spawning Pool  
  16  0:46  Extractor  
  16  0:49  Drone  
  15  0:53  Drone  
  16  1:00  Overlord  
  16  1:33  Queen  
  16  1:34  Zergling x2  
  16  1:37  Roach Warren  
  16  1:38  Extractor  
  16  1:39  Drone  
  18  1:45  Drone  
  19  2:01  Zergling x2  
  20  2:08  Overlord  
  20  2:27  Roach  
  22  2:37  Drone  
  22  2:42  Drone  
  24  2:53  Overlord  
  24  2:54  Roach  
  26  2:59  Drone  
  26  3:04  Drone  
  28  3:11  Drone  
  29  3:15  Drone  
  30  3:20  Roach  
  32  3:47  Roach  
  34  4:13  Roach  
  36  7:12  Overlord, Lair, Drone  
  37  7:16  Drone  
  37  7:20  Hatchery  
  37  7:21  Drone  
  38  7:25  Drone  
  38  8:03  Zergling x2  
  38  8:09  Overseer  
  38  8:10  Overseer  
  38  8:11  Hydralisk Den  
  27  8:25  Roach  
  29  8:32  Drone  
  30  8:37  Drone  
  30  8:39  Extractor  
  30  8:40  Extractor  
  30  8:41  Drone  
  30  8:45  Drone  
  30  8:46  Hydralisk  
  33  8:50  Drone  
  33  8:54  Drone  
  35  8:58  Drone  
  36  9:03  Drone  
  36  9:07  Drone  
  36  9:09  Ravager, Hydralisk  
  41  9:11  Drone  
  41  9:15  Drone  
  43  9:20  Drone  
  44  9:24  Drone  
  44  9:28  Drone  
  46  9:32  Roach  
  46  9:33  Drone  
  46  9:37  Drone  
  50  9:41  Drone  
  51  9:45  Drone  
  51  9:47  Overlord  
  51  9:50  Drone  
  53  9:54  Drone  
  53  9:58  Drone  
  55  10:02  Roach, Ravager  
  55  10:03  Drone  
  59  10:07  Drone  
  60  10:33  Overlord, Overseer  
  60  12:03  Pneumatized Carapace  
  60  12:04  Overlord, Overseer  
  60  12:05  Infestation Pit  
  60  12:08  Evolution Chamber  
  58  12:11  Spire  
  58  12:14  Hatchery  
  56  12:34  Zerg Melee Weapons Level 1  
  56  12:37  Overlord  
  56  12:43  Zergling x2  
  50  12:47  Hive  
  44  13:03  Overlord  
  44  13:07  Overseer  
  44  13:22  Corruptor  
  44  13:26  Drone  
  47  13:30  Drone  
  48  13:35  Drone  
  48  13:37  Extractor  
  48  13:39  Drone  
  48  13:41  Extractor  
  48  13:43  Drone  
  48  13:48  Drone  
  50  13:52  Drone  
  51  13:56  Drone  
  51  14:00  Greater Spire, Drone  
  53  14:05  Drone  
  53  14:09  Drone  
  55  14:28  Zerg Ground Armor Level 1  
  55  15:12  Corruptor  
  55  15:13  Brood Lord  
  59  15:45  Zergling x2  
  60  15:52  Drone  
  48  15:57  Drone  
  48  16:00  Roach  
  48  16:01  Drone  
  36  16:05  Drone  
  36  16:10  Drone  
  38  16:14  Zergling x2, Drone  
  39  16:18  Drone  
  39  16:23  Drone  
  32  16:27  Drone  
  32  16:28  Mutalisk  
  32  16:31  Drone  
  29  16:36  Drone  
  24  16:40  Drone  
  24  16:42  Overlord  
  24  16:43  Roach  
  24  16:44  Drone  
  28  16:49  Overlord  
  26  17:00  Drone  
  26  17:01  Zergling x2  
  14  17:05  Drone  
  14  17:07  Overlord  
  5  17:09  Drone  
Tags
 
Add a new tag
Caveats
  • Supply blocks, unpowered buildings, or Contaminate may cause inaccurate times.
  • Supply counts are checked every 10 seconds.